[Event "*** Titled Tuesday 3|2 Blitz (Early)"]
[Site "Chess.com"]
[Date "2016.11.01"]
[Round "9"]
[White "saraswathii"]
[Black "Drags95"]
[Result "0-1"]
[WhiteElo "2202"]
[BlackElo "2454"]
[TimeControl "180+2"]
[EndTime "12:57:16 PDT"]
[Termination "Drags95 won by resignation"]

1. e4 c5 2. Nf3 d6 3. d3 Nf6 4.
g3 g6 5. Bg2 Bg7 6. O-O O-O 7.
c3 Nc6 8. Re1 Bg4 9. Nbd2 Nd7 10. h3 Bxf3 11. Nxf3 b5 12. d4 b4 13. Be3 a5 14.
Qd2 Nb6 15. Qe2 cxd4 16. cxd4 d5 17. exd5 Nxd5 18. Rac1 Rc8 19. Qb5 Qd6 20. Ne5 Nxe3 21. Nxc6 Nf5 22. g4 Nxd4 23. Nxd4 Bxd4 24. Rcd1 Rc2 25.
Rf1 Rxf2 26. Kh1 Rxb2 27. Qxa5 Qg3 28. Rg1 Rxg2 29. Rxg2 Qxh3+ 30. Rh2 Qf3+ 31. Rg2 Qxd1+ 32. Kh2 Qe1 0-1

[Event "*** Titled Tuesday 3|2 Blitz (Early)"]
[Site "Chess.com"]
[Date "2016.11.01"]
[Round "9"]
[White "Usurpov"]
[Black "KestutisLabeckas"]
[Result "1-0"]
[WhiteElo "2305"]
[BlackElo "2452"]
[TimeControl "180+2"]
[EndTime "12:57:28 PDT"]
[Termination "Usurpov won on time"]

1. e4 c6 2. d4 d5 3. Nc3 dxe4 4. Nxe4 Bf5 5. Ng3 Bg6 6. Nf3 Nd7 7. h4 h6 8. h5 Bh7 9. Bd3 Bxd3 10.
Qxd3 e6 11. Bd2 Qb6 12. O-O-O Ngf6 13. Ne4 Nxe4 14. Qxe4 Nf6 15. Qe2 Qb5 16. c4 Qa6 17. Kb1 Be7 18. Ne5 O-O 19. g4 Nh7 20. f4 Rad8 21.
g5 Rxd4 22. gxh6 gxh6 23. Rhg1+ Kh8 24. Qg2 Bf6 25. Nxf7+ 1-0

[Event "*** Titled Tuesday 3|2 Blitz (Early)"]
[Site "Chess.com"]
[Date "2016.11.01"]
[Round "9"]
[White "Taabling"]
[Black "PaulfromSPb"]
[Result "0-1"]
[WhiteElo "2317"]
[BlackElo "2471"]
[TimeControl "180+2"]
[EndTime "12:57:30 PDT"]
[Termination "PaulfromSPb won by checkmate"]

1. c4 e5 2. Nf3 Nc6 3. Nc3 f5 4. d4 e4 5. Bg5 Be7 6. Bxe7 Qxe7 7.
d5 exf3 8. dxc6 fxg2 9. cxd7+ Bxd7 10. Bxg2 c6 11. Qb3 Be6 12. O-O-O Nf6 13. e4 fxe4 14. Nxe4 Nxe4 15. Bxe4 O-O 16. Qc2 h6 17. Rhg1 Qc5 18. Rxg7+ Kxg7 19. Rg1+ Kf7 20. Bd5 cxd5 21. Qg6+ Ke7 22.
Re1 Qxc4+ 23. Kb1 d4 24. Qxh6 Qxa2+ 25. Kc2 Rac8+ 26. Kd3 Qc4+ 27. Ke4 Qc2+ 28. Kxd4 Rcd8+ 29. Ke5 Rf5# 0-1

[Event "*** Titled Tuesday 3|2 Blitz (Early)"]
[Site "Chess.com"]
[Date "2016.11.01"]
[Round "9"]
[White "darsen_sanzhaev"]
[Black "KyronGriffith"]
[Result "1-0"]
[WhiteElo "2309"]
[BlackElo "2304"]
[TimeControl "180+2"]
[EndTime "12:57:58 PDT"]
[Termination "darsen_sanzhaev won by resignation"]

1. d4 d5 2. c4 e6 3. Nf3 Nf6 4. g3 Bb4+ 5. Nbd2 Nc6 6. Qc2 Ne4 7. Bg2 Nxd2 8. Bxd2 Bxd2+ 9. Qxd2 dxc4 10. Rc1 Qd5 11. O-O Qb5 12. Qc3 O-O 13. Nd2 Na5 14. Nxc4 Nxc4 15.
Qxc4 Qxb2 16. Rc2 Qb6 17. Qxc7 Qxd4 18. Qe7 Qd8 19. Rc7 Qxe7 20. Rxe7 Rb8 21. Rc1 e5 22. Bd5 Be6 23. Bxe6 fxe6 24. Rcc7 Rfc8 25. Rxg7+ Kf8 26. Rcf7+ Ke8 27. Rxh7 b5 28. h4 1-0

[Event "*** Titled Tuesday 3|2 Blitz (Early)"]
[Site "Chess.com"]
[Date "2016.11.01"]
[Round "9"]
[White "howitzer14"]
[Black "viditchess"]
[Result "1-0"]
[WhiteElo "2761"]
[BlackElo "2562"]
[TimeControl "180+2"]
[EndTime "12:58:11 PDT"]
[Termination "howitzer14 won by resignation"]

1. Nf3 c5 2. g3 g6 3. Bg2 Bg7 4.
c4 Nc6 5. Nc3 d6 6. O-O e6 7. d3 Nge7 8. Bg5 h6 9. Bd2 O-O 10. Qc1 Kh7 11. Rb1 b6 12. a3 Bb7 13.
b4 Qd7 14. bxc5 bxc5 15. Re1 Rab8 16. Qc2 Nf5 17. Qa4 Ba8 18. Ne4 Qc7 19. Qa6 Rxb1 20. Rxb1 Rb8 21. Rxb8 Qxb8 22. Qb5 Qc7 23. e3 Nfe7 24. Bc3 Bxc3 25. Nxc3 f5 26. d4 cxd4 27. exd4 Nd8 28. Qe8 Kg7 29. Nb5 Qb7 30. Qxd8 1-0

[Event "*** Titled Tuesday 3|2 Blitz (Early)"]
[Site "Chess.com"]
[Date "2016.11.01"]
[Round "9"]
[White "AkshatChandra"]
[Black "swayamsm"]
[Result "0-1"]
[WhiteElo "2594"]
[BlackElo "2669"]
[TimeControl "180+2"]
[EndTime "12:58:20 PDT"]
[Termination "swayamsm won on time"]

1. d4 Nf6 2. c4 e6 3. Nc3 d5 4. cxd5 exd5 5. Bg5 Bb4 6. e3 h6 7. Bxf6 Qxf6 8. Qb3 c5 9. dxc5 Bxc3+ 10. Qxc3 Qxc3+ 11. bxc3 Be6 12. Nf3 Ke7 13. Rb1 Nd7 14. Rxb7 Rhb8 15.
Ba6 Kf6 16. O-O Nxc5 17. Rxb8 Rxb8 18. Be2 Rb2 19. Nd4 Rxa2 20. Rc1 a5 21. h4 a4 22. c4 Nb3 23. Re1 Nxd4 24. exd4 dxc4 25. Bf3 c3 26. d5 Bd7 27. Rc1 c2 28. Kf1 Rb2 0-1

[Event "*** Titled Tuesday 3|2 Blitz (Early)"]
[Site "Chess.com"]
[Date "2016.11.01"]
[Round "9"]
[White "RitvarsReimanis"]
[Black "GM_dmitrij"]
[Result "0-1"]
[WhiteElo "2395"]
[BlackElo "2420"]
[TimeControl "180+2"]
[EndTime "12:58:39 PDT"]
[Termination "GM_dmitrij won by resignation"]

1. d4 Nf6 2. c4 g6 3. f3 Bg7 4. e4 O-O 5. Nc3 d6 6. Be3 c5 7.
Nge2 Nc6 8. Qd2 Qa5 9. O-O-O a6 10. Kb1 b5 11. dxc5 dxc5 12. Nd5 Nxd5 13. Qxa5 Nxa5 14.
cxd5 Nc4 15. Bc1 f5 16. Nc3 Nd6 17. Bg5 Rf7 18. Be3 c4 19. Bc5 Bxc3 20. bxc3 fxe4 21. Bxd6 exd6 22. fxe4 Rf2 23. Re1 Bd7 24. a4 bxa4 25. Bxc4 Rb8+ 26. Ka1 Rbb2 27. e5 Bb5 28. Re4 Bxc4 29.
Rxc4 a3 30. Rb4 dxe5 31. Rd1 Kf7 32. d6 Ke8 33. Rxb2 axb2+ 34. Ka2 Rxg2 35. Kb3 Kd7 36. c4 Rd2 37. Rb1 Kxd6 38. Kb4 Rxh2 0-1

[Event "*** Titled Tuesday 3|2 Blitz (Early)"]
[Site "Chess.com"]
[Date "2016.11.01"]
[Round "9"]
[White "Peroncio"]
[Black "popov_m"]
[Result "1-0"]
[WhiteElo "2509"]
[BlackElo "2251"]
[TimeControl "180+2"]
[EndTime "12:58:42 PDT"]
[Termination "Peroncio won by resignation"]

1. e4 g6 2. d4 Bg7 3. Nc3 d6 4. Be3 a6 5. Qd2 b5 6. f3 Bb7 7.
h4 h6 8. Nh3 Nd7 9. Bd3 c5 10.
Be2 cxd4 11. Bxd4 Ngf6 12. O-O-O Rc8 13. Kb1 Qc7 14. g4 b4 15. Nd5 Bxd5 16. exd5 Rg8 17.
Bxa6 Rb8 18. g5 hxg5 19. hxg5 Nxd5 20. Bxg7 Nc3+ 21. Bxc3 bxc3 22. Qd5 Rxb2+ 23. Ka1 Qb6 24. Qc4 Nc5 25. Qxc3 Rb4 26. Bc4 Kd7 27. Bxf7 Rb8 28.
Nf4 Na4 29. Be6+ 1-0

[Event "*** Titled Tuesday 3|2 Blitz (Early)"]
[Site "Chess.com"]
[Date "2016.11.01"]
[Round "9"]
[White "Matibar"]
[Black "NDePinEsPeRG"]
[Result "0-1"]
[WhiteElo "2578"]
[BlackElo "2660"]
[TimeControl "180+2"]
[EndTime "12:58:50 PDT"]
[Termination "NDePinEsPeRG won by checkmate"]

1. e4 c5 2. Nf3 e6 3. d4 cxd4 4.
Nxd4 Nc6 5. Nc3 d6 6. g3 Bd7 7.
Bg2 a6 8. O-O Be7 9. Nb3 b5 10.
Bf4 Ne5 11. a4 b4 12. Na2 Rb8 13. a5 Nf6 14. Bd2 Nc6 15. Qe2 Qc8 16. Rfc1 O-O 17.
Bf1 Rb5 18. Qe1 Re5 19. Bg2 d5 20. Nxb4 dxe4 21. Nxc6 Bxc6 22. Nd4 Ba8 23. c4 Bc5 24. Nc2 Rh5 25. Ne3 Bxe3 26. Bxe3 Ng4 27. h3 Ne5 28. c5 Nf3+ 29. Bxf3 exf3 30. h4 Bc6 31. Qf1 e5 32. Kh2 f5 33. Qh3 Qe8 34. Re1 Qf7 35. Bd2 f4 36. Bc3 fxg3+ 37. Qxg3 Qf4 38. Qxf4 Rxf4 39. Rxe5 Rhxh4+ 40. Kg3 Rfg4# 0-1

[Event "*** Titled Tuesday 3|2 Blitz (Early)"]
[Site "Chess.com"]
[Date "2016.11.01"]
[Round "9"]
[White "E-Shaposhnikov"]
[Black "Gabrielian_Artur"]
[Result "1/2-1/2"]
[WhiteElo "2704"]
[BlackElo "2577"]
[TimeControl "180+2"]
[EndTime "12:58:56 PDT"]
[Termination "Game drawn by agreement"]

1. e4 c5 2. Nf3 d6 3. d4 cxd4 4. Nxd4 Nf6 5. Nc3 a6 6. g3 e6 7.
Bg2 Be7 8. O-O O-O 9. Be3 Nc6 10. Nxc6 bxc6 11. e5 dxe5 12. Qxd8 Rxd8 13. Bxc6 Rb8 14. b3 Bb7 15. Bxb7 Rxb7 16. Na4 Nd5 17. Rfd1 Nxe3 18. Rxd8+ Bxd8 19. fxe3 Rd7 20. Nb2 e4 21. Rd1 Rxd1+ 22.
Nxd1 f5 23. b4 Kf7 24. a4 Ke7 25. Kf2 Kd6 26. Ke2 g5 27. a5 h5 28. c4 Bf6 29.
Kd2 Kc6 30. Nc3 Bxc3+ 31. Kxc3 e5 32. Kd2 f4 33. Ke2 f3+ 34. Ke1 g4 35. Kd2 Kc7 1/2-1/2

[Event "*** Titled Tuesday 3|2 Blitz (Early)"]
[Site "Chess.com"]
[Date "2016.11.01"]
[Round "9"]
[White "metalbattler"]
[Black "Wolverine_master"]
[Result "1-0"]
[WhiteElo "2036"]
[BlackElo "2074"]
[TimeControl "180+2"]
[EndTime "12:59:12 PDT"]
[Termination "metalbattler won on time"]

1. e4 d5 2. exd5 Qxd5 3. d4 Nc6 4. Nf3 Bg4 5. Be2 O-O-O 6. c3 Nf6 7. O-O e5 8. dxe5 Nxe5 9. Nxe5 Qxd1 10. Bxd1 Rxd1 11. Nxf7 Rg8 12. Ne5 Bd6 13. Nxg4 Rxf1+ 14. Kxf1 Nxg4 15.
h3 Ne5 16. Nd2 Rf8 17. Ne4 Nd3 18. Rb1 Bf4 19. Bxf4 Rxf4 20. f3 b6 21. Ke2 Ne5 22.
b3 h6 23. Rd1 Rf8 24. Rd5 Ng6 25.
g3 Ne7 26. Rd3 Ng6 27. f4 Ne7 28. Kf3 1-0

[Event "*** Titled Tuesday 3|2 Blitz (Early)"]
[Site "Chess.com"]
[Date "2016.11.01"]
[Round "9"]
[White "Mbneu"]
[Black "RodinMihail"]
[Result "0-1"]
[WhiteElo "2137"]
[BlackElo "2423"]
[TimeControl "180+2"]
[EndTime "12:59:29 PDT"]
[Termination "RodinMihail won by resignation"]

1. d4 d5 2. c4 e6 3. Nc3 c6 4.
e4 dxe4 5. Nxe4 Bb4+ 6. Bd2 Qxd4 7. Bxb4 Qxe4+ 8. Be2 Nd7 9. Qd6 Qe5 10. Qd3 Ngf6 11. Nf3 Qf5 12. Qd6 c5 13. g4 Nxg4 14. Bc3 Ngf6 15. Rg1 Ne4 16. Qd3 Nxc3 17. Qxc3 Qf6 18.
Qc2 O-O 19. Ng5 g6 20. Qd3 Qxb2 21. Rd1 e5 22. Ne4 Kg7 23. Qd6 Qb4+ 24. Kf1 Qb6 25. Qe7 Nf6 26. Rd6 Bh3+ 27. Ke1 Qb4+ 28. Nd2 Nd7 29.
Rxd7 Bxd7 30. Qxe5+ f6 31. Qe7+ Rf7 32. Qd6 Re8 33.
Kf1 Bh3+ 34. Ke1 Rfe7 0-1

[Event "*** Titled Tuesday 3|2 Blitz (Early)"]
[Site "Chess.com"]
[Date "2016.11.01"]
[Round "9"]
[White "IIIlllII1llIl"]
[Black "jk13"]
[Result "0-1"]
[WhiteElo "2509"]
[BlackElo "2501"]
[TimeControl "180+2"]
[EndTime "12:59:37 PDT"]
[Termination "jk13 won by resignation"]

1. e4 e6 2. d4 d5 3. Nd2 c5 4.
exd5 Qxd5 5. Ngf3 cxd4 6. Bc4 Qd7 7. O-O Nc6 8. Nb3 Nf6 9. Qe2 a6 10. a4 Qc7 11. Rd1 Bd6 12. Nbxd4 Nxd4 13. Rxd4 h6 14. b3 b6 15. Bb2 O-O 16. Rad1 Bc5 17. Rh4 Be7 18.
Ne5 Bb7 19. Rh3 b5 20. Bd3 bxa4 21. Ng4 Qf4 22. Nxh6+ gxh6 23. Bc1 Qb4 24. Bxh6 Be4 25. Rh4 Bxd3 26. Rxd3 Qxh4 27. Rg3+ Qxg3 28. hxg3 Rfd8 29. Bf4 a3 30. Be5 Rd5 31. c4 Rd7 32. Qe4 Nxe4 0-1

[Event "*** Titled Tuesday 3|2 Blitz (Early)"]
[Site "Chess.com"]
[Date "2016.11.01"]
[Round "9"]
[White "psv98"]
[Black "Zaven_ChessMood"]
[Result "0-1"]
[WhiteElo "2629"]
[BlackElo "2766"]
[TimeControl "180+2"]
[EndTime "12:59:38 PDT"]
[Termination "Zaven_ChessMood won on time"]

1. d4 Nf6 2. c4 c5 3. d5 b5 4. cxb5 a6 5. bxa6 g6 6. Nc3 Bg7 7. e4 O-O 8. Nf3 Qa5 9. Bd2 Bxa6 10. Bxa6 Qxa6 11. Qe2 e6 12. Qxa6 Nxa6 13. dxe6 fxe6 14. O-O d5 15. exd5 exd5 16. a4 Nb4 17. Nb5 Nd3 18.
a5 Ne4 19. Nc7 Ra7 20. Nxd5 Rxf3 21. gxf3 Nxd2 22. Rfd1 Nxf3+ 23. Kg2 Nh4+ 24. Kh3 Nxf2+ 25. Kxh4 Nxd1 26. Rxd1 Rxa5 27. Rd2 Rb5 28. Nc7 Bf6+ 29. Kg4 Rb4+ 30. Kf3 Rxb2 31. Rd7 Rxh2 32. Nd5 Bg5 33.
Kg4 Rg2+ 34. Kf3 Rg1 35. Rc7 Rc1 36. Kg4 h6 37. Kf3 h5 38. Kg3 c4 39. Rc5 Kf7 40.
Nb6 Be7 41. Rc7 Ke6 42. Rc6+ Kf5 43. Nxc4 Rc3+ 44. Kf2 Kg5 45. Rc7 Bf6 46. Rc5+ Kf4 47. Rc6 Bd4+ 48. Ke2 g5 49. Rc8 Kg4 50. Kd2 h4 0-1

[Event "*** Titled Tuesday 3|2 Blitz (Early)"]
[Site "Chess.com"]
[Date "2016.11.01"]
[Round "9"]
[White "ulises2013"]
[Black "FearlessKing64"]
[Result "0-1"]
[WhiteElo "2264"]
[BlackElo "2153"]
[TimeControl "180+2"]
[EndTime "12:59:41 PDT"]
[Termination "FearlessKing64 won by resignation"]

1. e4 c5 2. Nf3 d6 3. d4 cxd4 4. Nxd4 Nf6 5. Nc3 a6 6. Bg5 e6 7. f4 Be7 8. Qf3 h6 9. Bh4 g5 10. fxg5 Nfd7 11. Nxe6 fxe6 12. Qh5+ Kf8 13. Bc4 Ne5 14.
O-O+ Kg8 15. Rf6 Bxf6 16. gxf6 Qf8 17. Nd5 Qf7 18. Ne7+ Kh7 19. Qe2 Nxc4 20. Qxc4 Nc6 21. e5 Nxe5 22. Qe4+ Ng6 23. Rf1 d5 24. Qd3 Bd7 25.
c4 Rhd8 26. Rf3 dxc4 27. Qc2 Ba4 28. Qxa4 Nxh4 29. Qc2+ Kh8 30. Rh3 Qh5 31. Rxh4 Rd1+ 32. Kf2 Qxh4+ 33. Ke2 Qg4+ 34. Kf2 Rad8 35. Ng6+ Kg8 36.
Ne7+ Kf7 37. Qh7+ Kxf6 38. Qxh6+ Kxe7 39. Qg7+ Qxg7 0-1

[Event "*** Titled Tuesday 3|2 Blitz (Early)"]
[Site "Chess.com"]
[Date "2016.11.01"]
[Round "9"]
[White "Evgeny_Levin"]
[Black "FairChess_on_YouTube"]
[Result "0-1"]
[WhiteElo "2702"]
[BlackElo "2761"]
[TimeControl "180+2"]
[EndTime "12:59:46 PDT"]
[Termination "FairChess_on_YouTube won by resignation"]

1. d4 g6 2. e4 Bg7 3. Nc3 c6 4. Be3 d5 5. e5 f6 6. f4 Nh6 7. Nf3 Bg4 8. h3 Bxf3 9. Qxf3 O-O 10.
exf6 exf6 11. g4 f5 12. g5 Nf7 13. h4 Nd6 14. h5 Nd7 15. O-O-O Nb6 16. Kb1 Qd7 17.
Bc1 Rfe8 18. b3 Re6 19. hxg6 hxg6 20. a4 Rae8 21. a5 Nbc8 22. Na4 Ne4 23. Nc5 Qc7 24. Nxe4 Rxe4 25. Qh3 Kf7 26. Bd3 Nd6 27. Bxe4 Nxe4 28. Qf3 Qxa5 29. Rd3 Kg8 30. Qh3 Kf7 31.
Qf3 Kg8 32. Qh3 c5 33. Qh7+ Kf7 34. Rh6 Re6 35. Bb2 Qe1+ 36. Bc1 c4 37. Re3 Nd2+ 38. Ka2 Qxe3 0-1

[Event "*** Titled Tuesday 3|2 Blitz (Early)"]
[Site "Chess.com"]
[Date "2016.11.01"]
[Round "9"]
[White "superjem123"]
[Black "Frolyanov_D"]
[Result "1-0"]
[WhiteElo "2487"]
[BlackElo "2445"]
[TimeControl "180+2"]
[EndTime "12:59:54 PDT"]
[Termination "superjem123 won on time"]

1. d4 Nf6 2. c4 e6 3. Nc3 Bb4 4. Nf3 d5 5. cxd5 exd5 6. Bg5 O-O 7. e3 c5 8. Bd3 c4 9. Bc2 Nbd7 10. O-O Qa5 11.
Rc1 Re8 12. Ne5 Bxc3 13. bxc3 Nxe5 14. dxe5 Ne4 15. Bf4 Nxc3 16. Qd2 b5 17. a3 Qxa3 18. Ra1 Qc5 19. Qxc3 b4 20. Qd2 b3 21. Ra5 Qc6 22.
Bd1 c3 23. Qc1 b2 24. Qb1 Qb6 25. Ra3 Bf5 26. Bc2 Bxc2 27. Qxc2 Rec8 28. Rb1 Qc5 29. Ra4 a5 30. e6 fxe6 31. Be5 Rc6 32. Rg4 Ra7 33. Bd4 Qc4 34. h3 h5 35. Rh4 Rb7 36.
Qg6 Rc8 37. Qxe6+ 1-0

[Event "*** Titled Tuesday 3|2 Blitz (Early)"]
[Site "Chess.com"]
[Date "2016.11.01"]
[Round "9"]
[White "Bishops83"]
[Black "avto24"]
[Result "1-0"]
[WhiteElo "2267"]
[BlackElo "2335"]
[TimeControl "180+2"]
[EndTime "12:59:54 PDT"]
[Termination "Bishops83 won by resignation"]

1. e4 d5 2. exd5 Nf6 3. Nf3 Nxd5 4. d4 g6 5. c3 Bg7 6. c4 Nb6 7. Nc3 O-O 8. Be2 Nc6 9. Be3 e5 10. d5 Ne7 11. O-O Nf5 12. Bg5 f6 13. Bc1 c6 14. Qb3 cxd5 15. Rd1 Be6 16. cxd5 Bf7 17. a4 Nd6 18. a5 Nd7 19. Qb4 Nb8 20. Ne4 Nxe4 21.
Qxe4 f5 22. Qb4 e4 23. Ng5 Qd7 24. Ne6 Nc6 25. dxc6 Qxe6 26. cxb7 Rab8 27. a6 Be5 28. Be3 f4 29. Bxa7 f3 30. Bf1 fxg2 31. Bxg2 Qg4 32. Bxb8 Bxb8 33. a7 Bxh2+ 34. Kxh2 Bd5 35. Qxf8+ Kxf8 36. b8=Q+ Kg7 37. Qe5+ Kh6 38. Qxd5 e3 39. fxe3 Qh4+ 40.
Kg1 Qg3 41. a8=Q Qxe3+ 42. Kh1 1-0

[Event "*** Titled Tuesday 3|2 Blitz (Early)"]
[Site "Chess.com"]
[Date "2016.11.01"]
[Round "9"]
[White "Genghis_K"]
[Black "DanielNaroditsky"]
[Result "1-0"]
[WhiteElo "2685"]
[BlackElo "2728"]
[TimeControl "180+2"]
[EndTime "13:00:03 PDT"]
[Termination "Genghis_K won by resignation"]

1. e4 e5 2. Nf3 Nc6 3. Bb5 a6 4.
Ba4 Nf6 5. O-O Be7 6. Re1 b5 7. Bb3 d6 8. c3 O-O 9. h3 Na5 10.
Bc2 c5 11. d4 Nd7 12. a4 Bb7 13. d5 b4 14. b3 bxc3 15. Nxc3 Rb8 16. Be3 Ba8 17.
Nd2 Bg5 18. Rb1 Bxe3 19. Rxe3 Rb4 20. Rg3 g6 21. Na2 Rb8 22. Nf1 Kh8 23. Qd2 Nb7 24.
Ne3 Qf6 25. Rf1 Nd8 26. Nc1 Rb4 27. Ne2 Qe7 28. Qc3 f6 29. f4 exf4 30. Nxf4 Ne5 31. h4 Bb7 32. h5 g5 33. Nf5 Qd7 34.
Nd3 Nxd3 35. Bxd3 Bc8 36. Rxg5 Qe8 37. Nxd6 Qe7 38. Nxc8 Qf7 39. Nd6 Qe7 40. Nf5 Qa7 41. Rg7 Qb6 42. Bc4 Nf7 43. Qg3 Ng5 44. Rxg5 fxg5 45.
d6 Qd8 46. Ne7 Rxf1+ 47. Bxf1 Rxe4 48. Qc3+ Rd4 49. Nf5 Qa5 50. Qxa5 1-0

[Event "*** Titled Tuesday 3|2 Blitz (Early)"]
[Site "Chess.com"]
[Date "2016.11.01"]
[Round "9"]
[White "VMikhalevski"]
[Black "MFBerna"]
[Result "1-0"]
[WhiteElo "2503"]
[BlackElo "2178"]
[TimeControl "180+2"]
[EndTime "13:00:12 PDT"]
[Termination "VMikhalevski won by resignation"]

1. b3 e5 2. Bb2 Nc6 3. e3 d5 4. Bb5 Bd6 5. Nf3 Qe7 6. d4 exd4 7. Qxd4 Nf6 8. Nc3 Bd7 9. Qd1 Ba3 10. Bxa3 Qxa3 11. O-O Qc5 12. Qd2 O-O-O 13. Bxc6 Bxc6 14. Qd4 Qxd4 15. Nxd4 Bd7 16. Rad1 Be6 17. Rfe1 c5 18. Nxe6 fxe6 19. f3 e5 20. Rd2 Kc7 21. Red1 d4 22.
Nb5+ Kc6 23. a4 a6 24. Na3 b5 25. exd4 exd4 26. c3 Rd7 27. cxd4 Rhd8 28. axb5+ axb5 29. Nc2 c4 30. Nb4+ Kb6 31. bxc4 bxc4 32. Rb1 Rxd4 33.
Nc2+ Kc5 34. Nxd4 Rxd4 35. Ra2 c3 36. Ra5+ Kc4 37. Ra4+ Kc5 38. Ra3 Rc4 39. Kf2 Nd5 40. Ra5+ Kc6 41. Ke2 Nf4+ 42. Ke3 c2 43. Rc1 Nxg2+ 44.
Kd3 Rh4 45. Rxc2+ Kd6 46. Rxg2 1-0

[Event "*** Titled Tuesday 3|2 Blitz (Early)"]
[Site "Chess.com"]
[Date "2016.11.01"]
[Round "9"]
[White "Shivagami"]
[Black "ftorodent"]
[Result "0-1"]
[WhiteElo "2089"]
[BlackElo "2486"]
[TimeControl "180+2"]
[EndTime "13:00:13 PDT"]
[Termination "ftorodent won by checkmate"]

1. e4 c5 2. Nc3 e6 3. g3 Nc6 4.
Bg2 g6 5. d3 Bg7 6. Be3 d6 7. Qd2 Rb8 8. Nge2 Nd4 9. O-O Ne7 10.
Bh6 O-O 11. Bxg7 Kxg7 12. Nxd4 cxd4 13. Ne2 e5 14. f4 f6 15. Kh1 Bg4 16. h3 Bxe2 17. Qxe2 Qb6 18. c3 Rfc8 19. c4 Qc6 20. Qg4 Rc7 21. h4 Qd7 22. f5 h6 23. Kh2 g5 24.
Rh1 b5 25. b3 bxc4 26. dxc4 Rh8 27. Kg1 h5 28. Qe2 g4 29. Qd3 Nc6 30. a3 a5 31.
Bf1 Rb8 32. Be2 Rcb7 33. Bd1 Qc7 34. Rh2 Ne7 35. Rb2 Nc8 36. Rab1 Qc5 37. Ra1 Nb6 38. Rd2 Nd7 39. Rb2 Qa7 40. Rab1 Nc5 41. Qe2 d3 42. Qe3 Nxe4 43. Qxa7 Rxa7 44. Kg2 Rab7 45. b4 Nc3 46. Rc1 Nxd1 47. Rxd1 e4 48. b5 Rc8 49. Rc1 Rc5 50. Rc3 d5 51. Kf2 d4 52.
Rc1 d2 53. Rxd2 e3+ 54. Ke2 exd2 55. Kxd2 Rxf5 56. Kd3 Rd7 57. Ke4 Rf3 58. b6 Re3+ 59. Kf5 Rde7 60. b7 Rf3# 0-1

[Event "*** Titled Tuesday 3|2 Blitz (Early)"]
[Site "Chess.com"]
[Date "2016.11.01"]
[Round "9"]
[White "Jungle_Jaguar"]
[Black "Alexander_Moskalenko"]
[Result "0-1"]
[WhiteElo "2322"]
[BlackElo "2657"]
[TimeControl "180+2"]
[EndTime "13:00:53 PDT"]
[Termination "Alexander_Moskalenko won by resignation"]

1. c4 c5 2. Nc3 Nc6 3. g3 g6 4.
Bg2 Bg7 5. d3 e6 6. e4 Nge7 7.
Nge2 O-O 8. O-O b6 9. Rb1 Bb7 10.
Be3 Nd4 11. b4 d6 12. Qd2 Qd7 13. f4 f5 14. a4 Nec6 15. bxc5 dxc5 16. e5 Nxe2+ 17.
Qxe2 Nd4 18. Bxd4 Qxd4+ 19. Rf2 Bxg2 20. Nb5 Qd7 21. Rxg2 Rfd8 22. Rd1 a6 23. Nd6 Bf8 24. d4 Bxd6 25. exd6 Qxd6 26. d5 Re8 27. Qf3 e5 28.
fxe5 Rxe5 29. Rb2 Rae8 30. Kg2 Re3 31. Qf4 Re2+ 32. Rxe2 Rxe2+ 33. Kf3 Qxf4+ 34. gxf4 Re8 35. Rb1 Rb8 36. a5 b5 37. cxb5 axb5 38. a6 b4 39. Rc1 b3 40. a7 Ra8 41. Rxc5 Rxa7 42.
Rb5 Ra3 43. Ke3 Kf7 44. Kd4 Ra4+ 45. Ke5 Re4+ 46. Kd6 Rxf4 47. Rxb3 Kf6 48. Rb7 Rh4 49. Kc7 Rxh2 50. d6 Rc2+ 51. Kd8 f4 52. Rxh7 g5 53. d7 g4 54. Rh6+ Kg5 55. Rd6 Ra2 56.
Ke8 Ra8+ 57. d8=Q+ Rxd8+ 58. Rxd8 g3 59. Ke7 f3 60. Rg8+ Kf4 61. Rf8+ Ke3 62. Kf6 g2 63. Re8+ Kf2 64. Rg8 g1=Q 65. Rxg1 Kxg1 0-1

[Event "*** Titled Tuesday 3|2 Blitz (Early)"]
[Site "Chess.com"]
[Date "2016.11.01"]
[Round "9"]
[White "Haridaskesavan"]
[Black "visa"]
[Result "1-0"]
[WhiteElo "2147"]
[BlackElo "2125"]
[TimeControl "180+2"]
[EndTime "13:01:14 PDT"]
[Termination "Haridaskesavan won on time"]

1. e4 d6 2. g3 Nf6 3. Bg2 e5 4. Ne2 Be7 5. O-O h5 6. h4 Ng4 7. f3 Bxh4 8. fxg4 hxg4 9. Qe1 Bg5 10.
d4 Nc6 11. Qf2 f5 12. exf5 Bxc1 13. Bxc6+ bxc6 14. Nxc1 Qf6 15. Qe3 Qf7 16. dxe5 d5 17. Qg5 Ba6 18. e6 Qg8 19. Nd3 Rh6 20. f6 O-O-O 21. f7 Qh7 22. Qxd8+ Kb7 23. Qh4 Rxh4 24. gxh4 Qxh4 25. Rf2 Bxd3 26. f8=Q g3 27. Rg2 Qd4+ 28. Kh1 Qh4+ 29. Kg1 Qd4+ 30. Rf2 gxf2+ 31. Qxf2 Qg4+ 32.
Qg2 Qd1+ 33. Kh2 Qh5+ 34. Kg1 Qd1+ 35. Kh2 Qh5+ 36. Qh3 Qe2+ 37. Qg2 Qh5+ 38. Kg3 g5 39. Kf2 Qh4+ 40. Qg3 Qd4+ 41. Ke1 Bxc2 42. Nc3 Be4 43. Nxe4 dxe4 44. Qc3 Qg1+ 45. Kd2 Qxa1 46. e7 Qf1 47. e8=Q Qf2+ 48. Kc1 Qf1+ 49. Kc2 Qe2+ 50. Kb3 a5 51. Qexc6+ Ka7 52. Qxc7+ 1-0

[Event "*** Titled Tuesday 3|2 Blitz (Early)"]
[Site "Chess.com"]
[Date "2016.11.01"]
[Round "9"]
[White "Andrejkin"]
[Black "IMJonathanCarlstedt"]
[Result "1-0"]
[WhiteElo "2184"]
[BlackElo "2408"]
[TimeControl "180+2"]
[EndTime "13:01:35 PDT"]
[Termination "Andrejkin won by resignation"]

1. e4 e5 2. Nf3 Nc6 3. Bc4 Nf6 4. Ng5 d5 5. exd5 Na5 6. Bb5+ Bd7 7. Qe2 Be7 8. Nc3 O-O 9. Bxd7 Qxd7 10. O-O c6 11. dxc6 Nxc6 12. d3 Nd4 13. Qd1 Rac8 14. Be3 Ng4 15. Nge4 f5 16. Nd2 Nc6 17. h3 Nf6 18.
Nb3 b6 19. d4 e4 20. d5 Nb4 21. a4 Nbxd5 22. Nxd5 Qxd5 23. a5 Qxd1 24. Rfxd1 Rxc2 25. axb6 axb6 26. Ra7 Bc5 27. Nxc5 bxc5 28. Bg5 e3 29. Bxe3 h6 30. Rc1 Rxc1+ 31. Bxc1 Rf7 32. Ra5 Rc7 33. Be3 c4 34. Rxf5 Kf7 35. Rc5 Rxc5 36. Bxc5 Nd7 37. Bd4 g6 38. Kf1 Ke6 39. Be3 h5 40. Ke2 Kd5 41. Kd2 Ne5 42. Ba7 Nc6 43. Bb6 Ne5 44. Ke3 Nf7 45. Ba5 Nd6 46. Kf4 Ne4 47. Kf3 Nc5 48. Bc3 Nd3 49. Ke3 g5 50. g4 hxg4 51.
hxg4 Kc5 52. Bd4+ Kb4 53. Bf6 Nxb2 54. Bxb2 Kb3 55. Be5 c3 56. Bxc3 Kxc3 57. Ke4 Kd2 58. Kf5 Ke2 59. Kxg5 Kxf2 60. Kf5 1-0

[Event "*** Titled Tuesday 3|2 Blitz (Early)"]
[Site "Chess.com"]
[Date "2016.11.01"]
[Round "9"]
[White "TomsKantans"]
[Black "Kawhi_Leonard2"]
[Result "0-1"]
[WhiteElo "2431"]
[BlackElo "2090"]
[TimeControl "180+2"]
[EndTime "13:01:38 PDT"]
[Termination "Kawhi_Leonard2 won by resignation"]

1. e4 c5 2. Nf3 d6 3. d4 cxd4 4.
Nxd4 Nf6 5. Nc3 g6 6. Be3 Bg7 7. f3 Nc6 8. Qd2 O-O 9. g4 Be6 10. Nxe6 fxe6 11. O-O-O Ne5 12. Be2 Qc8 13. h4 Nfd7 14.
f4 Nc4 15. Bxc4 Qxc4 16. e5 Rad8 17. exd6 Nf6 18. Qg2 Rxd6 19. h5 b5 20. hxg6 hxg6 21.
Rxd6 exd6 22. Kb1 b4 23. Nd1 Nd5 24. Bxa7 Ra8 25. Qf2 Qxf4 26. Qxf4 Nxf4 27. Be3 Nd5 28. Bd2 Rf8 29. Ne3 Nxe3 30. Bxe3 d5 31. Bd2 Rb8 32. Re1 Kf7 33. Re3 Bf8 34. c3 bxc3 35. Bxc3 Bd6 36.
Kc2 Bc5 37. Rf3+ Ke7 38. a3 d4 39. Bd2 e5 40. b4 Bd6 41. Kd3 Ke6 42. Ke4 Rc8 43.
Bg5 Rc2 44. Rf6+ Kd7 45. Kd5 Bc7 46. Rxg6 d3 47. Rg7+ Kc8 48. Ke4 d2 49. Bxd2 Rxd2 50. g5 Rd4+ 51. Kf5 Rf4+ 52. Kg6 e4 53. Re7 Rg4 54.
Kf5 Rf4+ 55. Ke6 Rg4 56. Kf6 Bd8 0-1